Map: Kairos Junction LE

Players

MrMidGame - Winner!

  • Race: Protoss Protoss
  • League: Silver
  • Spawn Location: 5:00

A.I. 1 (Harder)

  • Race: Terran Terran
  • Spawn Location: 11:00

VOD

Have the link to the VOD?

Description

Time

  • Played on: Dec. 31, 2018, 9:56 a.m.
  • Length: 7:45
Show
View Real Time Build Order
Export as new Build Order

MrMidGame Protoss - Winner!

Build Orders:  

Get SALT Encoding   

  12  0:01  Probe  
  13  0:14  Probe  
  14  0:39  Pylon  
  14  0:44  Probe  
  15  0:53  Pylon  
  15  0:57  Probe  
  16  1:09  Forge  
  16  1:19  Probe  
  17  1:27  Gateway  
  17  1:31  Probe  
  18  1:38  Assimilator  
  18  1:43  Probe  
  19  1:50  Photon Cannon  
  19  1:52  Photon Cannon  
  19  2:05  Probe  
  20  2:08  Assimilator  
  20  2:18  Probe  
  20  2:20  Pylon  
  21  2:24  Cybernetics Core  
  21  2:28  Photon Cannon  
  21  2:36  Zealot  
  23  2:47  Protoss Ground Weapons Level 1  
  23  3:04  Shield Battery  
  23  3:05  Shield Battery  
  23  3:10  Pylon  
  23  3:21  Stalker  
  23  3:24  Warp Gate  
  25  3:51  Twilight Council  
  25  3:59  Pylon  
  25  4:08  Robotics Facility  
  25  4:14  Shield Battery  
  25  4:28  Photon Cannon  
  23  4:59  Immortal  
  27  5:15  Robotics Bay  
  27  5:20  Dark Shrine, Charge  
  27  5:23  Gateway  
  27  5:33  Probe  
  28  5:40  Nexus  
  28  5:41  Protoss Ground Armor Level 1  
  28  6:19  Shield Battery  
  28  6:38  Immortal  
  32  6:58  Dark Templar x2  
  34  7:40  Stalker  
  34  7:41  Stalker  
Show
View Real Time Build Order
Export as new Build Order

A.I. 1 (Harder) Terran 

Build Orders:  

Get SALT Encoding   

  12  0:00  SCV  
  13  0:13  SCV  
  14  0:18  Supply Depot  
  14  0:25  SCV  
  15  0:39  SCV  
  16  0:43  Barracks  
  16  0:49  Refinery  
  16  0:51  SCV  
  17  1:03  SCV  
  18  1:15  SCV  
  19  1:21  Supply Depot  
  19  1:28  SCV  
  19  1:32  Marine  
  21  1:41  Barracks, Orbital Command  
  21  1:49  Refinery  
  21  1:51  Barracks Tech Lab  
  21  2:02  Factory  
  21  2:09  Marine  
  22  2:19  Supply Depot  
  22  2:27  Marine  
  22  2:28  Marine  
  24  2:45  Marine x2  
  24  2:48  Hellion  
  28  2:54  Supply Depot  
  28  3:02  Marine  
  28  3:03  Marine  
  30  3:10  Hellion  
  32  3:19  SCV  
  33  3:20  Marine  
  33  3:26  Supply Depot  
  34  3:31  Hellion, SCV  
  37  3:39  Engineering Bay  
  37  3:43  SCV  
  38  3:52  Hellion  
  38  3:55  SCV  
  41  4:07  SCV  
  42  4:14  Hellion  
  44  4:19  SCV  
  45  4:35  Hellion  
  47  4:44  Marine  
  40  4:48  Marine  
  33  4:56  Hellion  
  33  4:57  Factory  
  32  5:02  Marine  
  33  5:08  Starport, Barracks Tech Lab  
  33  5:18  Starport, Factory Tech Lab  
  33  5:19  Marine  
  34  5:26  Marauder  
  36  5:32  Supply Depot  
  36  5:37  Marine  
  36  5:38  Hellion  
  36  5:41  Factory Tech Lab  
  39  5:44  Starport Tech Lab  
  39  5:47  Reaper  
  40  5:50  Combat Shield  
  40  5:54  Starport Tech Lab  
  40  5:56  Marauder  
  38  5:59  Hellion, SCV  
  38  6:00  Hellion  
  35  6:11  SCV  
  35  6:16  Marine  
  34  6:19  Marine  
  27  6:34  Marine  
  27  6:37  Marine  
  27  6:52  Marine  
  27  6:55  Marauder  
  29  7:08  SCV  
  29  7:10  Marauder  
  29  7:15  Viking  
  33  7:17  Marauder  
  33  7:21  SCV  
Tags
 
Add a new tag
Caveats
  • Supply blocks, unpowered buildings, or Contaminate may cause inaccurate times.
  • Supply counts are checked every 10 seconds.